 Dungeon Crawl Stone Soup version 0.31-a0-1405-g2bb1a01 (webtiles) character file.

Game seed: 16412281064634498712

1610566 EngineV8 the Slayer (level 26, 321/321 HPs)
             Began as a Red Draconian Artificer on Dec 14, 2023.
             Was an Elder of Nemelex Xobeh.
             Escaped with the Orb
             ... and 3 runes on Dec 25, 2023!
             The game lasted 05:34:06 (76311 turns).

EngineV8 the Slayer (Red Draconian Artificer)      Turns: 76311, Time: 05:34:07

Health: 321/321    AC: 29    Str: 16    XL:     26   Next: 83%
Magic:  37/37      EV: 26    Int: 17    God:    Nemelex Xobeh [****..]
Gold:   3658       SH: 27    Dex: 22    Spells: 5/31 levels left

rFire   + + +        a - +9 demon whip (vamp)
rCold   + . .        g - +4 tower shield of Integrity {rF+ rN+ SInv}
rNeg    + + .        (body armour unavailable)
rPois   ∞            r - +2 hat {SInv}
rElec   +            S - scarf {rC+ rF+}
rCorr   +            b - melded +2 pair of gloves
SInv    +            M - melded +2 pair of boots {rampage}
Will    ++...        D - amulet of the Ageless Thickets {Spirit Dex+4 Stlth+}
Stlth   ++           E - ring of willpower
HPRegen 0.73/turn    K - ring "Camp" {rF+ rCorr Dex+3}
MPRegen 0.25/turn

%: guardian spirit
@: statue-form, very slow
A: slow and powerful, torment resistance 1, boosted hp, (breathe fire), AC +12,
unfitting armour, fire resistance 1, cold-blooded, clumsy 1, mutation resistance
1, electricity resistance, persistent drain
0: Orb of Zot
}: 3/15 runes: decaying, serpentine, silver
a: Begin Untransformation, Renounce Religion, Draw Escape, Draw Destruction,
Draw Summoning, Draw Stack, Triple Draw, Deal Four


You escaped.
You worshipped Nemelex Xobeh.
Nemelex Xobeh was greatly pleased with you.
You were a living statue of rough stone.
You visited 10 branches of the dungeon, and saw 48 of its levels.
You visited 2 bazaars.
You also visited: Gauntlet and Wizlab.

You collected 8070 gold pieces.
You spent 4412 gold pieces at shops.

Inventory:

Hand Weapons
 a - a +9 vampiric demon whip (weapon)
Missiles
 O - a throwing net {!f}
 U - a curare-tipped dart (quivered) {!f}
Armour
 b - a +2 pair of gloves (melded)
 g - the +4 tower shield of Integrity (worn) {rF+ rN+ SInv}
   (You took it off a vault guard on level 5 of the Vaults)

   rF+:       It protects you from fire.
   rN+:       It protects you from negative energy.
   SInv:      It lets you see invisible.
 r - a +2 hat of see invisible (worn)
 M - a +2 pair of boots of rampaging (melded)
 S - a scarf of resistance (worn)
Jewellery
 j - the ring "Sovod" {rElec SInv}
   (You took it off a deep elf high priest on level 3 of the Elven Halls)

   [ring of see invisible]

   rElec:     It insulates you from electricity.
   SInv:      It lets you see invisible.
 q - a +4 ring of protection
 v - a ring of positive energy
 C - a ring of protection from cold
 D - the amulet of the Ageless Thickets (around neck) {Spirit Dex+4 Stlth+}
   (You took it off a deep elf blademaster on level 3 of the Elven Halls)

   [amulet of guardian spirit]

   Spirit:    It causes incoming damage to be divided between your reserves of
   health and magic.
   Dex+4:     It affects your dexterity (+4).
   Stlth+:    It makes you more stealthy.
 E - a ring of willpower (left fist)
 K - the ring "Camp" (right fist) {rF+ rCorr Dex+3}
   (You bought it in a shop on level 2 of the Orcish Mines)

   [ring of protection from fire]

   Dex+3:     It affects your dexterity (+3).
   rF+:       It protects you from fire.
   rCorr:     It protects you from acid and corrosion.
 L - the ring "Jonofry" {Fire Slay+5}
   (You found it in a Gauntlet)

   [ring of fire]

   Fire:      It enhances your fire magic.
   Slay+5:    It affects your accuracy & damage with ranged weapons and melee
   (+5).
   rF+:       It protects you from fire.
   rC-:       It makes you vulnerable to cold.
 Q - a ring of positive energy
Wands
 w - a wand of iceblast (74)
 x - a wand of light (14)
 J - a wand of digging (7)
 V - a wand of mindburst (55)
 W - a wand of paralysis (49)
 Z - a wand of polymorph (39)
Scrolls
 c - a scroll of silence {!r}
 f - 5 scrolls of vulnerability
 h - 6 scrolls of immolation
 i - 21 scrolls of teleportation
 m - 3 scrolls of butterflies
 y - a scroll of revelation {!r}
 F - 3 scrolls of fog
 G - 6 scrolls of blinking
 H - 7 scrolls of poison
 Y - 2 scrolls of fear
Potions
 e - 9 potions of resistance
 k - a potion of berserk rage {!q}
 l - 16 potions of curing
 n - 11 potions of attraction
 o - 2 potions of ambrosia {!q}
 p - 5 potions of mutation
 s - 12 potions of heal wounds
 t - 5 potions of haste
 u - 7 potions of lignification
 z - 3 potions of enlightenment
 A - 6 potions of magic
 I - a potion of brilliance
 N - 3 potions of cancellation {!q}
 R - 4 potions of invisibility
 T - 7 potions of might
Miscellaneous
 B - a box of beasts
 P - a lightning rod (4/4)
 X - a phial of floods


   Skills:
 + Level 22.2 Fighting
 - Level 12.0 Maces & Flails
 - Level 4.0 Throwing
 - Level 18.0 Dodging
 - Level 12.0 Stealth
 - Level 20.0 Shields
 - Level 3.0 Spellcasting
 - Level 10.0 Hexes
 - Level 12.0 Summonings
 - Level 5.0 Translocations
 - Level 8.0 Ice Magic
 - Level 20.0 Invocations
 - Level 10.0 Evocations
 - Level 16.0 Shapeshifting


You had 5 spell levels left.
You knew the following spells:

 Your Spells              Type           Power      Damage    Failure   Level
a - Jinxbite              Hex            72%        N/A       1%          2
b - Frozen Ramparts       Ice            58%        1d9       4%          3
c - Summon Guardian Gole  Hex/Summ       39%        N/A       1%          3
d - Call Canine Familiar  Summ           43%        N/A       1%          3
e - Summon Mana Viper     Hex/Summ       39%        N/A       11%         5
f - Lesser Beckoning      Tloc           38%        N/A       7%          2
o - Ozocubu's Armour      Ice            29%        N/A       4%          3
v - Blink                 Tloc           38%        N/A       7%          2
A - Apportation           Tloc           38%        N/A       4%          1
X - Passwall              Alch/Erth      1%         N/A       47%         2

Your spell library contained the following spells:

 Spells                   Type           Power      Damage    Failure   Level
 Freeze                   Ice            100%       1d10      1%          1
 Summon Small Mammal      Summ           100%       N/A       1%          1
 Call Imp                 Summ           86%        N/A       1%          2
 Ensorcelled Hibernation  Hex/Ice        66%        N/A       1%          2
 Confusing Touch          Hex            36%        N/A       1%          3
 Sigil of Binding         Hex            36%        N/A       1%          3
 Tukima's Dance           Hex            36%        N/A       1%          3
 Cause Fear               Hex            18%        N/A       6%          4
 Summon Ice Beast         Ice/Summ       36%        N/A       6%          4
 Dazzling Flash           Conj/Hex       38%        N/A       14%         3
 Inner Flame              Hex/Fire       19%        N/A       14%         3
 Momentum Strike          Conj/Tloc      22%        3d8       19%         2
 Hailstorm                Conj/Ice       16%        3d6       21%         3
 Metabolic Englaciation   Hex/Ice        16%        N/A       24%         5
 Summon Lightning Spire   Summ/Air       22%        N/A       30%         4
 Kiss of Death            Conj/Necr      8%         2d6       34%         1
 Magic Dart               Conj           8%         1d3       34%         1
 Necrotise                Necr           8%         1d4       34%         1
 Sting                    Conj/Alch      8%         1d3       34%         1
 Volatile Blastmotes      Fire/Tloc      22%        2d11      36%         3
 Anguish                  Hex/Necr       9%         N/A       41%         4
 Passage of Golubria      Tloc           19%        N/A       41%         4
 Cigotuvi's Dreadful Rot  Necr/Alch/Air  4%         N/A       47%         2
 Mercury Vapours          Alch/Air       4%         N/A       47%         2
 Static Discharge         Conj/Air       4%         3-4/arc   47%         2
 Fugue of the Fallen      Necr           2%         N/A       71%         3
 Mephitic Cloud           Conj/Alch/Air  2%         N/A       71%         3
 Stone Arrow              Conj/Erth      4%         3d7       71%         3
 Swiftness                Air            2%         N/A       71%         3
 Vampiric Draining        Necr           2%         2d6       71%         3
 Vhi's Electric Charge    Tloc/Air       22%        N/A       77%         4
 Silence                  Hex/Air        9%         N/A       77%         5
 Yara's Violent Unravell  Hex/Alch       9%         3d6       77%         5
 Airstrike                Air            1%         2d(1-17)  98%         4
 Animate Dead             Necr           2%         N/A       98%         4
 Brom's Barrelling Bould  Conj/Erth      2%         2d3       98%         4
 Dispel Undead            Necr           2%         3d7       98%         4
 Ignite Poison            Fire/Alch      2%         N/A       98%         4
 Olgreb's Toxic Radiance  Alch           2%         N/A       98%         4
 Sticky Flame             Fire/Alch      2%         2d4       98%         4
 Freezing Cloud           Conj/Ice/Air   5%         6-21      98%         5
 Agony                    Necr           2%         N/A       100%        5
 Alistair's Intoxication  Alch           1%         N/A       100%        5
 Arcjolt                  Conj/Air       1%         1d11      100%        5
 Borgnjor's Vile Clutch   Necr/Erth      1%         N/A       100%        5
 Fireball                 Conj/Fire      1%         3d3       100%        5
 Irradiate                Conj/Alch      1%         3d12      100%        5
 Iskenderun's Battlesphe  Conj           2%         2d6       100%        5
 Lee's Rapid Deconstruct  Erth           1%         3d4*      100%        5
 Summon Cactus Giant      Summ           21%        N/A       36%         6
 Enfeeble                 Hex            18%        N/A       99%         7
 Bombard                  Conj/Erth      1%         9d1       100%        6
 Conjure Ball Lightning   Conj/Air       1%         3x3d6     100%        6
 Death Channel            Necr           1%         N/A       100%        6
 Eringya's Noxious Bog    Alch           1%         4d6       100%        6
 Plasma Beam              Fire/Air       1%         2x1d11    100%        6
 Simulacrum               Ice/Necr       8%         N/A       100%        6
 Starburst                Conj/Fire      1%         6d3       100%        6
 Haunt                    Necr/Summ      11%        N/A       100%        7
 Orb of Destruction       Conj           1%         9d5       100%        7
 Ozocubu's Refrigeration  Ice            14%        4d10      100%        7
 Ignition                 Fire           1%         3d3       100%        8
 Lehudib's Crystal Spear  Conj/Erth      1%         10d2      100%        8
 Maxwell's Capacitive Co  Air            1%         ∞         100%        8
 Shatter                  Erth           1%         3d5*      100%        9
 Animate Armour           Summ/Erth      Unusable   N/A       N/A         4

Dungeon Overview and Level Annotations

Branches:
Dungeon (15/15)            Temple (1/1) D:4            Lair (5/5) D:10
  Swamp (4/4) Lair:3        Snake (4/4) Lair:2        Slime (0/5) Lair:4
    Orc (2/2) D:10            Elf (3/3) Orc:2        Vaults (5/5) D:14
  Crypt (0/3) Vaults:3     Depths (4/4) D:15            Zot (5/5) Depths:4
 WizLab (visited)         Gauntlet (visited)

Altars:
Ashenzari
Cheibriados
Dithmenos
Elyvilon
Fedhas
Gozag
Hepliaklqana
Kikubaaqudgha
Makhleb
Nemelex Xobeh
Okawaru
Qazlal
Ru
Sif Muna
Trog
Uskayaw
Vehumet
Wu Jian
Xom
Yredelemnul
Zin
The Shining One
Jiyva

Shops:
D:6 ?   D:13 !![(   Orc:2 =*([   Snake:1 ![   Snake:4 **   Vaults:1 :
Vaults:2 [   Vaults:4 *   Vaults:5 *=   Depths:1 :=:   Depths:4 :

Portals:
Hell: Depths:1 Depths:2 Depths:3 Depths:4
Abyss: Depths:3
Pandemonium: Depths:2
Ziggurat: Depths:4
Trove: D:15 (give 14 potions of heal wounds)

Annotations:
D:14 exclusion: orange crystal statue
Swamp:2 3 runed translucent doors, Reaq's ghost, adept DjHu
Snake:4 3 runed translucent doors, exclusion: obsidian statue, wqsa789's ghost, adept DEFE
Vaults:1 3 runed translucent doors, Gawed's ghost, adept KoFi; Maazeo's ghost, adept TrSh; Xihuodghy's ghost, adept MiBe
Vaults:3 2 transporters, Xihuodghy's ghost, adept MiBe
Depths:1 1 runed translucent door
Zot:1 2 transporters, MrDizzy's ghost, veteran BaIE
Zot:5 2 transporters, exclusion: 2 obsidian statues


Innate Abilities, Weirdness & Mutations

You are a living statue of rough stone.
Your actions are slow, but your melee attacks are powerful.
You are resistant to unholy torment.
Your maximum health is greatly increased.
Your equipment is partially melded.
((You can breathe blasts of fire.))
((Your fiery red scales are hard. (AC +12)))
You cannot fit into any form of body armour.
You are immune to poison.
Your flesh is heat resistant. (rF+)
You are cold-blooded and may be slowed by cold attacks.
You are clumsy. (Dex -2)
You are somewhat resistant to further mutation.
You are resistant to electric shocks. (rElec)
Your health recovers twice as slowly from being drained.


Message History

You regained 3 hp, and now have 284/319 hp.
A chaos spawn comes into view.
Teqoem comes into view.
A large abomination comes into view.
Press: ? - help, v - describe, . - travel
Here: Teqoem The floor.
Aiming: Dig
Press: ? - help, Shift-Dir - straight line You can't see that place. [a rock wall.]
The rock shatters into small pieces.
A lich comes into view.
You block the chaos spawn's attack. x2
You regained 2 hp, and now have 289/319 hp.
MP restored: 37 Blink to where?
Press: ? - help, Dir - move target
As you read the scroll of blinking, it crumbles to dust.
Teqoem gestures.
The Hell Sentinel roars!
There is a stone staircase leading up here.
You climb upwards.
An Orb Guardian comes into view.
There is a stone staircase leading down here.
You regained 3 hp, and now have 296/319 hp.
You block the Orb Guardian's attack.
You thrash the Orb Guardian!!
You feel better.
You tail-slap the Orb Guardian, but do no damage.
The Orb Guardian is moderately wounded.
You block the Orb Guardian's attack.
Health restored: 319 You whack the Orb Guardian!
Your tail-slap misses the Orb Guardian.
The Orb Guardian is heavily wounded.
The Orb Guardian hits you!
You take 8 damage, and have 311/319 hp.
You hit the Orb Guardian. You tail-slap the Orb Guardian.
The Orb Guardian is heavily wounded.
You block the Orb Guardian's attack. x2
You thrash the Orb Guardian!!
You feel better.
Your tail-slap misses the Orb Guardian.
The Orb Guardian is almost dead.
You block the Orb Guardian's attack.
You regained 3 hp, and now have 315/319 hp.
You whack the Orb Guardian!
You feel better.
You kill the Orb Guardian!
You regained 5 hp, and now have 320/321 hp.
No target in view!
No target in view!
No target in view!
No target in view!
No target in view!
No target in view!
No target in view!
No target in view!
No target in view!
No target in view!
No target in view!
No target in view!
No target in view!
No target in view!
No target in view!
No target in view!
No target in view!
No target in view!
No target in view!
No target in view!
HP restored.
A chaos spawn comes into view.
The chaos spawn roars deafeningly!
Health restored: 321
There is an escape hatch in the ceiling here.
A mysterious force pulls you upwards. The hatch slams shut behind you.
There is a stone staircase leading up, spattered with blood here.
You climb upwards.
There is a stone staircase leading down, spattered with blood here.
Things that are here:
a +0 plate armour; a +0 long sword
There is an open door here.
There is an open door here.
There is a stone staircase leading up here.
You climb upwards.
There is a stone staircase leading down here.
You see here a +0 whip.
A toenail golem comes into view.
There is a stone staircase leading up here.
You climb upwards.
There is a stone staircase leading down here.
There is a stone staircase leading up here.
You climb upwards.
There is a stone staircase leading down here.
An Orb Guardian comes into view.
Aiming: Dig
Press: ? - help, Shift-Dir - straight line This square is covered in magical glow.
The rock shatters into small pieces.
Blink to where?
Press: ? - help, Dir - move target
As you read the scroll of blinking, it crumbles to dust.
You have escaped!

#.# #.# #......#
#.######.#####.####.#
#..............## #.#
#.##...######...###.#
######.###..######....##.#
.......# ##........#..##.########
######## #.#.X###.##.#.........#
#.#....#.##.#..######.#
#.#.#.8..#.....# #.#
#.#.####.##.#.## #.#
#.#......##.#.# #.#
#.#########.#.#######.# #
##.........#........##.#
##########..#######.#.#.####.##.#
............#######...#.# ##.##.#
##########...........##.###...#.#
#############..##....##.....#...#


You could see an Orb Guardian.

Vanquished Creatures
  3 dread liches
  4 orbs of fire
  2 ancient liches (Vaults:5)
  A juggernaut (Depths:2)
  Vv (Zot:1)
  Vashnia (Snake:4)
  6 Killer Klowns
  A caustic shrike (Depths:3)
  2 curse toes
  Margery (Vaults:5)
  5 golden dragons
  Norris (Elf:1)
  Nikola (Elf:1)
  A profane servitor (Depths:4)
  2 electric golems (Zot:5)
  A Brimstone Fiend (Zot:5)
  Zenata (Vaults:2)
  21 tentacled monstrosities
  Mlioglotl (Swamp:2)
  24 Orb Guardians
  A deep elf blademaster (Elf:3)
  3 liches
  8 quicksilver dragons
  Asterion (Snake:4)
  A deep elf master archer (Elf:3)
  A searing wretch (Vaults:4)
  2 titans
  4 sphinxes
  2 acid blobs (Lair:5)
  The ghost of Ices the Brawler, an adept TrGl of Hepliaklqana (Depths:1)
  7 death cobs
  2 thorn hunters
  15 storm dragons
  Kirke (D:12)
  7 tengu reavers
  A fenstrider witch (Swamp:3)
  3 draconian monks
  4 protean progenitors
  5 nagarajas (Snake:4)
  5 draconian knights
  16 shadow dragons
  3 draconian shifters
  7 fire giants
  9 deep elf sorcerers
  13 vault wardens
  7 frost giants
  8 draconian scorchers
  An iron dragon (Depths:3)
  5 deep elf elementalists (Elf:3)
  A draconian stormcaller (Zot:2)
  20 ironbound preservers
  A juggernaut skeleton (Depths:2)
  5 orc warlords
  2 broodmothers (Zot:4)
  10 draconian annihilators
  39 very ugly things
  An eleionoma (Swamp:3)
  9 green draconians
  16 stone giants
  7 ironbound thunderhulks
  7 deep elf death magi
  6 formless jellyfish
  2 deep elf demonologists
  16 black draconians
  An orange crystal statue (WizLab)
  7 white draconians
  3 war gargoyles
  19 purple draconians
  14 dire elephants
  7 red draconians
  9 deep elf annihilators
  9 yellow draconians
  5 bunyips
  A crystal guardian (Vaults:3)
  27 ettins
  9 fire dragons
  A green death (Depths:1)
  6 deep elf high priests (Elf:3)
  A shambling mangrove (Swamp:4)
  Fannar (D:11)
  3 rakshasas
  13 yaktaur captains
  12 hydras
  An entropy weaver (Vaults:1)
  A peacekeeper (Vaults:3)
  A hell beast (Depths:2)
  30 vault guards
  A caustic shrike simulacrum (Depths:2)
  6 great orbs of eyes
  A catoblepas (Depths:2)
  4 alligators
  4 spriggan air magi
  10 anacondas
  8 ogre magi
  4 ice dragons
  13 ironbound frosthearts
  19 centaur warriors
  2 radroaches (Zot:4)
  5 deep troll shamans
  A sphinx zombie (Depths:2)
  5 boulder beetles
  32 dancing weapons
  21 two-headed ogres
  A sphinx skeleton (Vaults:2)
  A death knight (Vaults:3)
  3 satyrs (Zot:3)
  3 hell hogs
  7 tengu warriors
  9 orc high priests
  12 deep troll earth magi
  2 spriggan berserkers (Depths:2)
  23 naga sharpshooters
  4 death yaks (Depths:2)
  A vampire mage (Depths:3)
  12 naga warriors
  An occultist (Depths:1)
  A shock serpent (shapeshifter) (Depths:1)
  Urug (Lair:5)
  A sun demon (Zot:5)
  A skeletal warrior (D:13)
  16 hell knights
  5 skysharks
  7 shock serpents
  A storm dragon zombie (Vaults:5)
  19 deep elf knights
  Amaemon (D:8)
  11 iron trolls
  A sea snake (shapeshifter) (Depths:1)
  5 goliath frogs
  10 salamander mystics
  A goliath frog (shapeshifter) (Vaults:5)
  Lodul (D:10)
  A quicksilver dragon simulacrum (Depths:2)
  50 deep trolls
  A deep troll (shapeshifter) (Depths:4)
  A death drake (shapeshifter) (Vaults:5)
  A spectral spark wasp (Depths:2)
  A sun moth (Vaults:5)
  A spark wasp zombie (Depths:2)
  9 sea snakes
  A spriggan druid (Swamp:3)
  3 bog bodies
  7 phantasmal warriors
  A spectral wolf spider (D:13)
  6 swamp dragons
  6 naga ritualists
  A steelbarb worm (Vaults:4)
  13 orc knights
  8 deep elf archers
  6 glowing orange brains
  3 arcanists
  24 deep elf pyromancers
  5 necromancers
  11 ironbound convokers
  7 orc sorcerers
  31 deep elf zephyrmancers
  A harpy (Vaults:1)
  30 ugly things
  A shadow dragon skeleton (Vaults:5)
  A shining eye (Vaults:5)
  13 mana vipers
  21 salamanders
  An iron dragon zombie (Depths:2)
  4 will-o-the-wisps
  A faun (Vaults:4)
  Maurice (D:8)
  A manticore (Lair:5)
  13 vault sentinels
  2 kobold blastminers (Orc:1)
  18 naga magi
  30 moths of wrath
  5 guardian serpents
  2 toenail golems
  38 black mambas
  A molten gargoyle (Depths:2)
  A smoke demon (Zot:3)
  A torpor snail (Vaults:5)
  A gargoyle (D:12)
  6 centaur skeletons
  2 cane toads (Lair:1)
  An orange demon (D:8)
  3 rime drakes (Lair:5)
  A freezing wraith (Vaults:3)
  22 yaktaurs
  10 komodo dragons
  A yaktaur skeleton (Vaults:2)
  A tormentor (Depths:1)
  4 tengu conjurers
  4 trolls
  6 meliai
  8 tyrant leeches
  12 polar bears
  A wolf spider simulacrum (D:15)
  3 hornets (Swamp:1)
  Grinder (D:6)
  A bloated husk (Swamp:2)
  21 blink frogs
  2 glass eyes
  3 raiju (Lair:5)
  A human skeleton (Vaults:5)
  A meliai zombie (D:13)
  3 air elementals
  A centaur simulacrum (D:15)
  39 slime creatures
  A spriggan (Swamp:1)
  16 water elementals
  A spriggan (shapeshifter) (Vaults:5)
  5 wyverns
  An elf zombie (Vaults:5)
  A wraith (D:12)
  37 yaks
  3 fire bats (Gauntlet)
  3 basilisks
  Grum (D:11)
  2 hogs (D:12)
  23 vampire mosquitoes
  2 steam dragons (D:11)
  15 wargs
  49 nagas
  18 swamp worms
  9 water moccasins
  14 hell hounds
  A glowing shapeshifter zombie (Vaults:2)
  4 acid dragons
  3 nameless horrors
  10 swamp drakes
  6 ice beasts
  40 orc warriors
  15 black bears
  19 ogres
  10 boggarts
  18 wolves
  7 centaurs
  5 kobold brigands
  A brain worm (Vaults:5)
  22 bullfrogs
  An earth elemental (Elf:1)
  A gnoll sergeant (D:12)
  7 wights
  12 killer bees
  A human simulacrum (Vaults:5)
  4 howler monkeys
  4 electric eels
  8 lava snakes (Snake:2)
  A hound (D:6)
  5 jellies
  Crazy Yiuf (D:2)
  16 orc priests
  A gnoll bouda (D:7)
  3 iguanas (Lair:5)
  Ijyb (D:3)
  22 orc wizards
  2 hell rats (Gauntlet)
  19 gnolls
  13 adders
  A shadow imp (D:6)
  2 white imps
  3 ufetubi (D:15)
  2 worms
  2 dart slugs
  65 orcs
  5 endoplasms
  2 giant cockroaches
  9 goblins
  7 hobgoblins
  4 jackals (D:3)
  20 kobolds
  2 quokkas
  5 ball pythons
  4 bats
  7 frilled lizards
  8 rats
  An aspiring flesh (Zot:3)
2019 creatures vanquished.

Vanquished Creatures (collateral kills)
  An ancient lich (Zot:5)
  2 Killer Klowns (Zot:5)
  Bai Suzhen (Snake:3)
  3 tentacled monstrosities
  4 Orb Guardians (Zot:5)
  Rupert (D:14)
  A quicksilver dragon (Zot:4)
  A titan (Vaults:5)
  Donald (Swamp:3)
  Aizul (Snake:1)
  Agnes (D:14)
  A draconian monk (Zot:5)
  A rockslime (Lair:5)
  2 vault wardens
  An orc warlord (Vaults:1)
  A minotaur (Gauntlet)
  2 white draconians
  The ghost of Impuonees the Eclecticist, a journeyman DECj of Vehumet (Snake:1)
  A shambling mangrove (Swamp:4)
  2 great orbs of eyes (Vaults:1)
  2 yaktaur captains
  The ghost of december12 the Skirmisher, a journeyman BaAr of Fedhas (D:12)
  A vault guard (Vaults:4)
  A death knight (Vaults:3)
  A dancing weapon (Elf:2)
  A two-headed ogre (D:14)
  A tengu warrior (D:13)
  A shock serpent (Snake:1)
  2 ironbound convokers (Vaults:1)
  A deep elf archer (D:14)
  2 deep elf pyromancers (D:14)
  A mana viper (Snake:1)
  A will-o-the-wisp (Swamp:3)
  A moth of wrath (Snake:1)
  A black mamba (Snake:1)
  2 vault sentinels (Vaults:1)
  2 guardian serpents
  A centaur skeleton (D:14)
  4 yaktaurs (Vaults:4)
  2 meliai (D:14)
  A glass eye (Depths:1)
  A warg (D:12)
  2 orc warriors (D:12)
  3 ogres (D:14)
  A howler monkey (D:5)
  An orc priest (D:14)
  An orc wizard (D:14)
  4 orcs (D:12)
72 creatures vanquished.

Vanquished Creatures (others)
  2 golden dragons
  2 acid blobs (Lair:5)
  An azure jelly (Lair:5)
  A nagaraja (Snake:3)
  A fire giant (Depths:3)
  The ghost of rotlqkf the Brawler, a journeyman TrMo of Cheibriados (Lair:5)
  A bunyip (Swamp:4)
  A deep elf death mage (Vaults:5)
  A white draconian (Zot:2)
  A yaktaur captain (Vaults:3)
  An ice dragon (D:15)
  An alligator (Swamp:4)
  3 hydras (Swamp:4)
  2 anacondas
  2 naga warriors (Snake:3)
  A goliath frog (Swamp:4)
  A sea snake (Snake:3)
  2 swamp dragons (Swamp:4)
  2 deep elf pyromancers
  4 mana vipers (Snake:3)
  2 naga magi
  2 bloated husks (Swamp:2)
  A meliai (D:13)
  2 spriggans (Swamp:1)
  A vampire mosquito (D:15)
  A swamp worm (Swamp:4)
  2 nagas (Snake:3)
  2 water moccasins (Snake:3)
  A black bear (shapeshifter) (D:15)
  2 swamp drakes (Swamp:4)
  A scorpion (D:5)
  An orc (Elf:3)
  10 foxfires (Swamp:3)
  101 spectral weapons
160 creatures vanquished.

Grand Total: 2251 creatures vanquished

Notes
Turn   | Place    | Note
-------+----------+-------------------------------------------
     0 | D:1      | EngineV8 the Draconian Artificer began the quest for the
                  | Orb.
     0 | D:1      | Reached XP level 1. HP: 16/16 MP: 1/1
   257 | D:1      | Reached skill level 2 in Fighting
   358 | D:1      | Reached skill level 1 in Stealth
   433 | D:1      | Reached XP level 2. HP: 24/24 MP: 2/2
   936 | D:2      | Reached skill level 3 in Fighting
   993 | D:2      | Reached XP level 3. HP: 31/31 MP: 3/3
  1275 | D:2      | Found a runed translucent door.
  1276 | D:2      | Noticed Crazy Yiuf
  1547 | D:2      | Reached skill level 4 in Fighting
  1796 | D:3      | Noticed Ijyb
  1833 | D:3      | Killed Ijyb
  1834 | D:3      | Reached XP level 4. HP: 21/41 MP: 4/4
  2301 | D:3      | Found a faded altar of an unknown god.
  2588 | D:4      | Reached skill level 5 in Fighting
  2609 | D:4      | Noticed an orc warrior
  2716 | D:3      | Reached XP level 5. HP: 48/48 MP: 5/5
  2800 | D:4      | Found a staircase to the Ecumenical Temple.
  2806 | Temple   | Entered the Ecumenical Temple
  2825 | Temple   | Became a worshipper of Nemelex Xobeh the Trickster
  3011 | D:4      | Noticed a black bear
  3068 | D:3      | Reached skill level 6 in Fighting
  3068 | D:3      | Reached skill level 1 in Spellcasting
  3071 | D:3      | Learned a level 2 spell: Jinxbite
  3224 | D:4      | Killed a black bear
  3225 | D:4      | Reached XP level 6. HP: 57/57 MP: 7/7
  3511 | D:5      | Entered Level 5 of the Dungeon
  3613 | D:5      | Reached skill level 1 in Maces & Flails
  3650 | D:4      | Killed an orc warrior
  3707 | D:5      | Noticed an ice beast
  3741 | D:5      | Your scales start taking on a fiery red colour.
  3741 | D:5      | Reached XP level 7. HP: 63/63 MP: 8/8
  3741 | D:5      | Gained mutation: Your flesh is heat resistant. (rF+) [Red
                  | Draconian growth]
  4016 | D:5      | Reached * piety under Nemelex Xobeh
  4016 | D:5      | Received a gift from Nemelex Xobeh
  4284 | D:5      | Reached skill level 1 in Invocations
  4293 | D:5      | Reached skill level 7 in Fighting
  4300 | D:5      | Found an opulent altar of Gozag.
  4377 | D:5      | Found an ancient bone altar of Kikubaaqudgha.
  4554 | D:2      | Killed Crazy Yiuf
  4920 | D:6      | Reached XP level 8. HP: 66/73 MP: 8/10
  4921 | D:6      | Found Gaeb's Magic Scroll Boutique.
  4929 | D:6      | Bought a scroll of identify for 26 gold pieces
  4929 | D:6      | Bought a scroll of identify for 26 gold pieces
  4929 | D:6      | Bought a scroll of identify for 26 gold pieces
  4943 | D:6      | Bought a scroll of enchant armour for 97 gold pieces
  4951 | D:6      | Noticed Grinder
  4965 | D:6      | Killed Grinder
  5062 | D:6      | Reached skill level 8 in Fighting
  5198 | D:6      | Reached skill level 1 in Throwing
  5791 | D:7      | Reached skill level 5 in Maces & Flails
  5906 | D:8      | Reached skill level 5 in Invocations
  5951 | D:8      | Reached XP level 9. HP: 78/81 MP: 12/12
  6155 | D:8      | Reached ** piety under Nemelex Xobeh
  6168 | D:8      | Noticed an orange demon
  6197 | D:8      | Killed an orange demon
  6330 | D:8      | Noticed Maurice
  6487 | D:8      | Noticed a two-headed ogre
  6581 | D:7      | Reached skill level 9 in Fighting
  6695 | D:8      | Noticed Amaemon
  6735 | D:8      | Killed a two-headed ogre
  6736 | D:8      | Reached skill level 10 in Fighting
  6848 | D:8      | Killed Amaemon
  6858 | D:8      | Reached XP level 10. HP: 90/93 MP: 13/13
  7046 | D:8      | Killed Maurice
  7047 | D:8      | Reached skill level 5 in Stealth
  7708 | D:9      | Found a glowing golden altar of the Shining One.
  7729 | D:9      | Noticed a two-headed ogre
  7738 | D:9      | Killed a two-headed ogre
  8174 | D:10     | Entered Level 10 of the Dungeon
  8213 | D:10     | Learned a level 1 spell: Apportation
  8283 | D:10     | Reached skill level 11 in Fighting
  8329 | D:10     | Reached *** piety under Nemelex Xobeh
  8342 | D:10     | Found a staircase to the Lair.
  8584 | D:10     | Found a staircase to the Orcish Mines.
  8690 | D:10     | Found a shadowy altar of Dithmenos.
  8695 | D:10     | Found a broken altar of Ashenzari.
  8701 | D:10     | Found a shimmering altar of Xom.
  8707 | D:10     | Found an iron altar of Okawaru.
  8709 | D:10     | Found a hazy altar of Hepliaklqana.
  8714 | D:10     | Found a basalt altar of Yredelemnul.
  8721 | D:10     | Noticed Lodul
  8787 | D:10     | Reached XP level 11. HP: 93/104 MP: 14/14
  8836 | D:10     | Killed Lodul
  8837 | D:10     | Reached skill level 10 in Maces & Flails
  8846 | D:10     | Received a gift from Nemelex Xobeh
  8871 | D:10     | Reached skill level 12 in Fighting
  9142 | D:10     | Noticed a two-headed ogre
  9152 | D:10     | Killed a two-headed ogre
  9310 | D:11     | Noticed a green ugly thing
  9334 | D:11     | Killed a green ugly thing
  9357 | D:11     | Noticed a boulder beetle
  9393 | D:11     | Killed a boulder beetle
  9401 | D:11     | Noticed Fannar
  9452 | D:11     | Killed Fannar
  9656 | D:11     | Noticed a two-headed ogre
  9665 | D:11     | Killed a two-headed ogre
  9788 | D:11     | Reached skill level 5 in Hexes
  9829 | D:11     | Noticed Grum
 10145 | D:11     | Killed Grum
 10167 | D:11     | Found a shadowy altar of Dithmenos.
 10608 | D:12     | Noticed Kirke
 10634 | D:12     | Noticed a lindwurm
 10657 | D:12     | Killed Kirke
 10772 | D:12     | Reached **** piety under Nemelex Xobeh
 10807 | D:12     | Reached XP level 12. HP: 88/112 MP: 18/18
 10910 | D:12     | Received a gift from Nemelex Xobeh
 10926 | D:12     | Noticed a storm dragon
 10928 | D:12     | Noticed a death knight
 10929 | D:12     | Noticed a centaur warrior
 10938 | D:12     | Identified the +2 hand axe of Hepliaklqana's Pride {freeze,
                  | Int+2 SInv}
 10963 | D:12     | Found a runed translucent gate.
 10963 | D:12     | Found a runed translucent gate.
 10964 | D:12     | Found a runed translucent gate.
 10967 | D:12     | Noticed december12's ghost (journeyman BaAr)
 11010 | D:12     | Received a gift from Nemelex Xobeh
 11067 | D:12     | Reached skill level 5 in Evocations
 11142 | D:12     | Noticed a boulder beetle
 11151 | D:12     | Killed a boulder beetle
 11180 | D:12     | Learned a level 3 spell: Ozocubu's Armour
 11184 | D:12     | Learned a level 3 spell: Frozen Ramparts
 11523 | D:12     | Killed december12's ghost
 11681 | D:13     | Found a gate leading to a gauntlet.
 11682 | D:13     | Received a gift from Nemelex Xobeh
 11689 | Gauntlet | Entered a Gauntlet
 11689 | Gauntlet | Found a transporter.
 11689 | Gauntlet | Found a transporter.
 11691 | Gauntlet | Found a transporter.
 11691 | Gauntlet | Noticed a hell beast
 11693 | Gauntlet | Found a transporter.
 11705 | Gauntlet | Noticed a hell hog
 11709 | Gauntlet | Found a transporter.
 11726 | Gauntlet | Found a transporter.
 11732 | Gauntlet | Found a transporter.
 11740 | Gauntlet | Found a transporter.
 11757 | Gauntlet | Found a transporter.
 11766 | Gauntlet | Found a transporter.
 11784 | Gauntlet | Found a transporter.
 11807 | Gauntlet | Found a transporter.
 11894 | Gauntlet | a hell beast changed into a hell rat
 11909 | Gauntlet | Got the Quarto of the Escort and the Queen Bee
 11914 | Gauntlet | Identified the ring "Jonofry" {Fire Slay+5}
 11989 | Gauntlet | Killed a hell hog
 11990 | Gauntlet | Reached skill level 1 in Ice Magic
 12065 | Gauntlet | Identified the +5 flail "Paegurph" {freeze, ^Fragile rPois
                  | Str+6}
 12065 | Gauntlet | Noticed a minotaur
 12100 | Gauntlet | Killed a minotaur
 12115 | Gauntlet | Got the Octavo of Cursed Minerals
 12307 | D:13     | Noticed a tengu warrior
 12308 | D:13     | Noticed a tengu warrior
 12386 | D:13     | Killed a tengu warrior
 12405 | D:13     | Killed a tengu warrior
 12686 | D:13     | Reached ***** piety under Nemelex Xobeh
 12697 | D:13     | Reached skill level 1 in Shields
 12721 | D:13     | Reached skill level 13 in Fighting
 12932 | D:13     | Received a gift from Nemelex Xobeh
 13254 | D:13     | Found Moas's Distillery.
 13310 | D:13     | Found Koenne's Antique Armour Emporium.
 13311 | D:13     | Found Gealez's Distillery.
 13311 | D:13     | Found Taqit's Antique Weapon Emporium.
 13326 | D:13     | Bought a potion of degeneration for 13 gold pieces
 13326 | D:13     | Bought a potion of heal wounds for 65 gold pieces
 13327 | D:13     | Bought a potion of cancellation for 104 gold pieces
 13327 | D:13     | Bought a potion of enlightenment for 65 gold pieces
 13339 | D:13     | Bought a potion of enlightenment for 85 gold pieces
 13339 | D:13     | Bought a potion of haste for 170 gold pieces
 13485 | D:13     | Received a gift from Nemelex Xobeh
 13505 | D:13     | Upgraded the game from 0.31-a0-1225-g50297eb to
                  | 0.31-a0-1227-g0136665
 13520 | D:14     | Noticed Rupert
 13520 | D:14     | Noticed a boulder beetle
 13587 | D:14     | Noticed a centaur warrior
 13616 | D:13     | Learned a level 3 spell: Summon Guardian Golem
 13724 | Lair:1   | Entered Level 1 of the Lair of Beasts
 14002 | Lair:1   | Reached skill level 1 in Summonings
 14011 | Lair:1   | Reached XP level 13. HP: 75/122 MP: 16/19
 14382 | Lair:1   | Received a gift from Nemelex Xobeh
 14547 | Lair:2   | Received a gift from Nemelex Xobeh
 14557 | Lair:2   | Found a staircase to the Snake Pit.
 15549 | Lair:3   | Received a gift from Nemelex Xobeh
 15761 | Lair:3   | Reached skill level 5 in Ice Magic
 15866 | Lair:3   | Reached ****** piety under Nemelex Xobeh
 15879 | Lair:3   | Received a gift from Nemelex Xobeh
 16008 | Lair:3   | Found a staircase to the Swamp.
 16456 | Lair:4   | Received a gift from Nemelex Xobeh
 16632 | D:13     | Reached skill level 14 in Fighting
 17339 | D:14     | Reached skill level 5 in Summonings
 17350 | D:14     | Reached skill level 10 in Invocations
 17403 | D:14     | Noticed Agnes
 17599 | D:14     | Reached skill level 1 in Shapeshifting
 17820 | D:14     | Identified the +2 long sword of Famine {freeze, +Blink
                  | rElec rPois Int+2}
 17820 | D:14     | Identified the +3 executioner's axe of Kefua {speed, rC-
                  | Int+8 Dex-2}
 17823 | D:14     | Killed Rupert
 17845 | D:14     | Killed Agnes
 17860 | D:14     | Reached skill level 15 in Fighting
 17860 | D:14     | Reached XP level 14. HP: 135/135 MP: 13/21
 17964 | D:14     | Found a gate to the Vaults.
 18564 | D:15     | Entered Level 15 of the Dungeon
 18588 | D:15     | Reached skill level 5 in Shapeshifting
 18997 | D:15     | Found a portal to a secret trove of treasure.
 19368 | D:15     | Reached skill level 5 in Dodging
 19698 | D:15     | Received a gift from Nemelex Xobeh
 20585 | D:15     | Found a staircase to the Depths.
 20657 | D:13     | Bought a potion of brilliance for 52 gold pieces
 20661 | D:13     | Bought a potion of berserk rage for 85 gold pieces
 20664 | D:13     | Upgraded the game from 0.31-a0-1227-g0136665 to
                  | 0.31-a0-1230-g25cd972
 20664 | D:13     | Bought a potion of cancellation for 136 gold pieces
 21084 | Lair:4   | Received a gift from Nemelex Xobeh
 21363 | Lair:4   | Received a gift from Nemelex Xobeh
 21431 | Lair:4   | Found a viscous altar of Jiyva.
 21431 | Lair:4   | Found a staircase to the Slime Pits.
 21707 | Lair:5   | Entered Level 5 of the Lair of Beasts
 21925 | Lair:5   | Received a gift from Nemelex Xobeh
 21984 | Lair:5   | Found a runed translucent gate.
 21984 | Lair:5   | Noticed a rockslime
 21985 | Lair:5   | Found a runed translucent gate.
 21986 | Lair:5   | Found a runed translucent gate.
 22019 | Lair:5   | Noticed an acid blob
 22019 | Lair:5   | Noticed an acid blob
 22019 | Lair:5   | Noticed an azure jelly
 22020 | Lair:5   | Noticed an acid blob
 22020 | Lair:5   | Noticed rotlqkf's ghost (journeyman TrMo)
 22020 | Lair:5   | Noticed an acid blob
 22020 | Lair:5   | Noticed an azure jelly
 22020 | Lair:5   | Noticed an azure jelly
 22021 | Lair:5   | Noticed an acid blob
 22023 | Lair:5   | Found a viscous altar of Jiyva.
 22269 | Lair:5   | Received a gift from Nemelex Xobeh
 22426 | Lair:5   | Reached XP level 15. HP: 140/141 MP: 16/22
 22900 | Lair:5   | Noticed Urug
 22933 | Lair:5   | Killed Urug
 23113 | Lair:5   | Identified the +1 robe "Fyto" {Harm Regen+ Str+2 Dex+2}
 23474 | Orc:1    | Entered Level 1 of the Orcish Mines
 23486 | Orc:1    | Received a gift from Nemelex Xobeh
 23526 | Orc:1    | You fall into a shaft and drop 1 floor!
 23526 | Orc:2    | Entered Level 2 of the Orcish Mines
 23886 | Orc:1    | Received a gift from Nemelex Xobeh
 24033 | Orc:2    | Found a burning altar of Makhleb.
 24041 | Orc:2    | Found Entaru's Antique Weapon Boutique.
 24051 | Orc:2    | Found a staircase to the Elven Halls.
 24185 | Orc:2    | Reached skill level 10 in Shapeshifting
 24275 | Orc:2    | Found Nief's Jewellery Emporium.
 24594 | Orc:2    | Found Agufemm's Antique Armour Emporium.
 24676 | Orc:2    | Received a gift from Nemelex Xobeh
 24953 | Orc:2    | Reached skill level 10 in Dodging
 25141 | Orc:2    | Found Taizxom's General Store.
 25468 | Orc:2    | Bought the ring "Camp" {rF+ rCorr Dex+3} for 658 gold
                  | pieces
 25622 | Swamp:1  | Entered Level 1 of the Swamp
 25974 | Snake:1  | Entered Level 1 of the Snake Pit
 26013 | Snake:1  | Received a gift from Nemelex Xobeh
 26128 | Snake:1  | Identified the serpent talisman of the Morning {rC+ Str-3
                  | Int+4}
 26128 | Snake:1  | Noticed Aizul
 26135 | Snake:1  | Killed Aizul
 26191 | Snake:1  | Got the Handbook of the Gathering
 26232 | Snake:1  | Found Laclicae's Antique Armour Shoppe.
 26237 | Snake:1  | Found Paygao's Distillery.
 26257 | Snake:1  | Bought a potion of haste for 140 gold pieces
 26317 | Snake:1  | Reached XP level 16. HP: 137/149 MP: 13/23
 26460 | Snake:1  | Found a transporter.
 26468 | Snake:1  | Found a transporter.
 26488 | Snake:1  | Noticed Impuonees's ghost (journeyman DECj)
 26553 | Snake:1  | Received a gift from Nemelex Xobeh
 27134 | Snake:2  | Found a flickering gateway to a bazaar.
 27148 | Bazaar   | Entered a bazaar
 27148 | Bazaar   | Found Rakkogib's Distillery.
 27160 | Bazaar   | Found Dadaynya's Antique Weapon Shop.
 27186 | Bazaar   | Found Gigiprut's Antique Armour Shop.
 27207 | Bazaar   | Bought a potion of haste for 140 gold pieces
 27207 | Bazaar   | Bought a potion of might for 56 gold pieces
 27207 | Bazaar   | Bought a potion of heal wounds for 70 gold pieces
 27207 | Bazaar   | Bought a potion of magic for 112 gold pieces
 27207 | Bazaar   | Bought a potion of mutation for 112 gold pieces
 27207 | Bazaar   | Bought a potion of curing for 42 gold pieces
 27300 | Snake:2  | Received a gift from Nemelex Xobeh
 27390 | Snake:2  | Learned a level 3 spell: Call Canine Familiar
 27786 | Snake:2  | Received a gift from Nemelex Xobeh
 27789 | Snake:2  | Identified the +11 mace of Deaxed {spect, *Rage MP+9
                  | Stlth+}
 28713 | Snake:3  | Received a gift from Nemelex Xobeh
 29192 | Snake:3  | Received a gift from Nemelex Xobeh
 30040 | Snake:4  | Entered Level 4 of the Snake Pit
 30040 | Snake:4  | Noticed Bai Suzhen
 30065 | Snake:3  | Killed Bai Suzhen
 30338 | Snake:4  | Reached skill level 10 in Summonings
 30447 | Snake:3  | Received a gift from Nemelex Xobeh
 30496 | Snake:3  | Reached XP level 17. HP: 150/151 MP: 21/24
 30709 | Snake:3  | Learned a level 5 spell: Summon Mana Viper
 30724 | Snake:3  | Identified the +0 leather armour "Hokocey" {^Drain +Blink
                  | rElec rF++}
 30782 | Snake:4  | Found a runed translucent gate.
 30783 | Snake:4  | Found a runed translucent gate.
 30784 | Snake:4  | Found a runed translucent gate.
 30787 | Snake:4  | Found an opulent altar of Gozag.
 30788 | Snake:4  | Found Oziull's Assorted Antiques.
 30789 | Snake:4  | Found Digice Quic's Assorted Antiques.
 30789 | Snake:4  | Noticed wqsa789's ghost (adept DEFE)
 30848 | Snake:4  | Noticed Asterion
 31498 | Snake:4  | Noticed Vashnia
 32239 | Snake:4  | Reached skill level 10 in Evocations
 32250 | Snake:4  | Killed Asterion
 32462 | Snake:4  | Killed Vashnia
 32463 | Snake:4  | Reached skill level 5 in Shields
 32917 | Snake:4  | Received a gift from Nemelex Xobeh
 33154 | Snake:4  | Reached skill level 10 in Hexes
 33236 | Snake:4  | Got a serpentine rune of Zot
 33298 | Snake:4  | Received a gift from Nemelex Xobeh
 34321 | Swamp:2  | Noticed Reaq's ghost (adept DjHu)
 34321 | Swamp:2  | Found a runed translucent gate.
 34321 | Swamp:2  | Found a runed translucent gate.
 34321 | Swamp:2  | Found a runed translucent gate.
 34335 | Swamp:2  | Noticed a tentacled monstrosity
 34338 | Swamp:2  | Noticed Mlioglotl
 34457 | Swamp:2  | Received a gift from Nemelex Xobeh
 34505 | Swamp:2  | You are sucked into a shaft and drop 1 floor!
 34785 | Swamp:2  | Killed a tentacled monstrosity
 34786 | Swamp:2  | Reached XP level 18. HP: 73/163 MP: 22/25
 35013 | Swamp:2  | Killed Mlioglotl
 35156 | Swamp:2  | Received a gift from Nemelex Xobeh
 35289 | Swamp:3  | Noticed Donald
 35306 | Swamp:3  | Killed Donald
 35472 | Swamp:3  | Identified the +0 arbalest of the Six Ultimatums {drain,
                  | rC- Dex+4}
 35609 | Swamp:4  | Entered Level 4 of the Swamp
 35750 | Swamp:4  | Reached skill level 10 in Shields
 35882 | Swamp:4  | Received a gift from Nemelex Xobeh
 35909 | Swamp:4  | Got a decaying rune of Zot
 36217 | Swamp:4  | Received a gift from Nemelex Xobeh
 36567 | Vaults:1 | Entered Level 1 of the Vaults
 36697 | Vaults:1 | Found a runed translucent gate.
 36697 | Vaults:1 | Found a runed translucent gate.
 36697 | Vaults:1 | Found a runed translucent gate.
 36697 | Vaults:1 | Noticed Gawed's ghost (adept KoFi)
 36697 | Vaults:1 | Noticed Maazeo's ghost (adept TrSh)
 36697 | Vaults:1 | Noticed Xihuodghy's ghost (adept MiBe)
 37409 | Orc:2    | Bought a ring of willpower for 375 gold pieces
 37855 | Vaults:1 | Identified the +2 robe "Plog" {rPois rCorr}
 37859 | Vaults:1 | Found Pikko's Book Shop.
 37949 | Vaults:1 | Received a gift from Nemelex Xobeh
 39094 | Vaults:2 | Received a gift from Nemelex Xobeh
 39144 | Vaults:2 | Reached XP level 19. HP: 170/170 MP: 26/26
 39154 | Vaults:2 | Found a magical portal.
 39168 | WizLab   | Entered Wucad Mu's Monastery
 39285 | WizLab   | Found the crystal ball of Wucad Mu {*channel}
 39323 | WizLab   | Reached XP level 20. HP: 114/180 MP: 13/27
 40001 | Vaults:2 | Reached skill level 16 in Fighting
 40027 | Vaults:2 | Found Pirua's Armour Shoppe.
 40033 | Vaults:2 | Bought a +1 pair of gloves of stealth for 297 gold pieces
 41213 | Vaults:2 | Noticed Zenata
 41216 | Vaults:2 | Killed Zenata
 41456 | Vaults:2 | Reached skill level 17 in Fighting
 41972 | Snake:1  | Killed Impuonees's ghost
 41975 | Snake:1  | Identified the amulet "Roevu" {RegenMP +Inv rN+++ rCorr
                  | Str-4}
 42000 | Snake:1  | Identified the +10 short sword "Embalmer" {venom, rElec
                  | rPois}
 42388 | Lair:5   | Killed rotlqkf's ghost
 42941 | Lair:3   | Upgraded the game from 0.31-a0-1230-g25cd972 to
                  | 0.31-a0-1389-g007bd0a
 43444 | Vaults:3 | Received a gift from Nemelex Xobeh
 43907 | Vaults:3 | Reached skill level 15 in Shields
 44130 | Vaults:3 | Identified the +7 short sword "Luucvem" {heavy, Will++
                  | rCorr Int-5 Stlth-}
 44223 | Vaults:3 | Noticed Xihuodghy's ghost (adept MiBe)
 44224 | Vaults:3 | Found a transporter.
 44248 | Vaults:3 | Found a transporter.
 44248 | Vaults:3 | Identified a scroll of acquirement
 44383 | Vaults:3 | Reached skill level 18 in Fighting
 44612 | Vaults:3 | Reached XP level 21. HP: 194/194 MP: 28/28
 44916 | Vaults:3 | Found a staircase to the Crypt.
 45171 | Vaults:4 | Found Oluef's General Store.
 45173 | Vaults:4 | Received a gift from Nemelex Xobeh
 45179 | Vaults:4 | Bought a wand of paralysis (3) for 165 gold pieces
 45179 | Vaults:4 | Bought a potion of invisibility for 184 gold pieces
 45179 | Vaults:4 | Bought a scroll of revelation for 172 gold pieces
 45179 | Vaults:4 | Bought a potion of might for 92 gold pieces
 46178 | Vaults:4 | Identified the +2 long sword "Azacenoa" {heavy, Int+4}
 46640 | Vaults:4 | Reached skill level 10 in Stealth
 47066 | Vaults:4 | Received a gift from Nemelex Xobeh
 47876 | Elf:1    | Entered Level 1 of the Elven Halls
 47901 | Elf:1    | Upgraded the game from 0.31-a0-1389-g007bd0a to
                  | 0.31-a0-1405-g2bb1a01
 48316 | Elf:1    | Noticed Nikola
 48336 | Elf:1    | Killed Nikola
 48572 | Elf:1    | Received a gift from Nemelex Xobeh
 48652 | Elf:1    | Noticed Norris
 48669 | Elf:1    | Killed Norris
 48806 | Elf:1    | Paralysed by an air elemental for 1 turns
 49111 | Elf:2    | Reached skill level 19 in Fighting
 49111 | Elf:2    | Paralysed by an air elemental for 1 turns
 49289 | Elf:2    | Found a shimmering blue altar of Sif Muna.
 49448 | Elf:2    | Found a runed translucent gate.
 49448 | Elf:2    | Found a runed translucent gate.
 49448 | Elf:2    | Found a runed translucent gate.
 50013 | Elf:2    | Received a gift from Nemelex Xobeh
 50787 | Elf:3    | Entered Level 3 of the Elven Halls
 50976 | Elf:3    | Received a gift from Nemelex Xobeh
 50996 | Elf:3    | Found a radiant altar of Vehumet.
 51004 | Elf:3    | Reached XP level 22. HP: 182/206 MP: 29/29
 51580 | Elf:3    | Paralysed by an air elemental for 1 turns
 51586 | Elf:3    | Paralysed by an air elemental for 1 turns
 51872 | Elf:3    | Identified the +7 demon blade of Green Gallantry {drain,
                  | rElec rC+ Int-2}
 51988 | Elf:3    | Identified the ring of the Prince of Darkness {Int+6 Dex+3}
 52166 | Elf:3    | Reached skill level 20 in Fighting
 52359 | Elf:3    | Identified the +3 demon trident of Absolution {drain,
                  | Will+}
 52412 | Elf:3    | Identified the ring "Sovod" {rElec SInv}
 52439 | Elf:3    | Identified the +0 robe of Eternal Night {rPois Will++ rCorr
                  | Str-5}
 52439 | Elf:3    | Identified the amulet of the Ageless Thickets {Spirit Dex+4
                  | Stlth+}
 53681 | Depths:1 | Entered Level 1 of the Depths
 53736 | Depths:1 | Received a gift from Nemelex Xobeh
 53943 | Depths:1 | Found a glowing silver altar of Zin.
 53944 | Depths:1 | Found a runed translucent door.
 54314 | Depths:1 | Received a gift from Nemelex Xobeh
 54506 | Depths:1 | Found a runed translucent gate.
 54506 | Depths:1 | Found a runed translucent gate.
 54506 | Depths:1 | Found a runed translucent gate.
 54508 | Depths:1 | Noticed Ices's ghost (adept TrGl)
 54523 | Depths:1 | Killed Ices's ghost
 54626 | Depths:1 | Found a gateway to Hell.
 54670 | Depths:1 | Found Ytutul's Book Emporium.
 54670 | Depths:1 | Found Apse's Jewellery Shop.
 54671 | Depths:1 | Found Ogaonwuj's Book Emporium.
 54979 | Depths:2 | Received a gift from Nemelex Xobeh
 54986 | Depths:2 | Found a flickering gateway to a bazaar.
 55017 | Bazaar   | Entered a bazaar
 55031 | Bazaar   | Found Coepeuh's General Store.
 55047 | Bazaar   | Found Jewk's Armour Emporium.
 55047 | Bazaar   | Found Vablun's Book Shoppe.
 55069 | Bazaar   | Found Reolualo's Armour Shoppe.
 55085 | Bazaar   | Found Cattian's Assorted Antiques.
 55090 | Bazaar   | Bought a scroll of enchant weapon for 157 gold pieces
 55090 | Bazaar   | Bought a potion of resistance for 210 gold pieces
 55090 | Bazaar   | Bought a scroll of fear for 84 gold pieces
 55163 | Bazaar   | Bought a scroll of enchant armour for 82 gold pieces
 55163 | Bazaar   | Bought a scroll of fog for 44 gold pieces
 55317 | Depths:2 | Found a stormy altar of Qazlal.
 55363 | Depths:2 | Received a gift from Nemelex Xobeh
 55557 | Depths:2 | Found a blossoming altar of Fedhas.
 55622 | Depths:2 | Found a one-way gate leading to the halls of Pandemonium.
 55864 | Depths:2 | Reached skill level 15 in Shapeshifting
 56604 | Depths:2 | Received a gift from Nemelex Xobeh
 56717 | Depths:2 | Reached XP level 23. HP: 215/215 MP: 30/30
 56723 | Depths:2 | Noticed a juggernaut
 56757 | Depths:2 | Killed a juggernaut
 56987 | Depths:2 | Found the +27 heavy crossbow "Sniper" {heavy, Acc+∞ SInv}
 56992 | Depths:2 | Identified the +2 rapier "Tormentor" {freeze, *Corrode
                  | rElec rPois rN++}
 56997 | Depths:2 | Identified the +1 orcbow of Resat {flame, ^Fragile rF+ rN++
                  | Will-}
 57012 | Depths:2 | Identified the +0 leather armour of the Witching Gods
                  | {Rampage rElec Will+++ Int-5}
 57743 | Depths:3 | Noticed a caustic shrike
 57799 | Depths:3 | Killed a caustic shrike
 58470 | Depths:3 | Received a gift from Nemelex Xobeh
 58493 | Depths:3 | Found a one-way gate to the infinite horrors of the Abyss.
 58849 | Depths:3 | Reached skill level 15 in Invocations
 59456 | Depths:4 | Entered Level 4 of the Depths
 60140 | Depths:4 | Found a one-way gateway to a ziggurat.
 60431 | Depths:4 | Received a gift from Nemelex Xobeh
 60589 | Depths:4 | Found Festuywe's Book Emporium.
 61398 | Depths:4 | Found a gate to the Realm of Zot.
 62092 | Depths:1 | Bought a book of Spatial Translocations for 270 gold pieces
 62095 | Depths:1 | Learned a level 2 spell: Blink
 62325 | Vaults:5 | Entered Level 5 of the Vaults
 62325 | Vaults:5 | Received a gift from Nemelex Xobeh
 62330 | Vaults:5 | Reached XP level 24. HP: 217/224 MP: 27/35
 62330 | Vaults:5 | Noticed an ancient lich
 62331 | Vaults:5 | Noticed Margery
 63019 | Vaults:5 | Noticed a dread lich
 63191 | Vaults:5 | Identified the +0 quarterstaff "Tatupn" {vamp, rPois Int+2
                  | Dex+4}
 63196 | Vaults:5 | Reached skill level 5 in Translocations
 63219 | Vaults:5 | Killed a dread lich
 63628 | Vaults:5 | Identified the +9 dagger "Jeimolum" {vamp, rF+ Will+ Str+4}
 63635 | Vaults:5 | Identified the +1 war axe of the Twenty Quests {heavy, rN+
                  | Int+3}
 63693 | Vaults:5 | Identified the +1 leather armour "Tamur" {rF+ rN+}
 63872 | Vaults:5 | Identified the amulet "Iseyh" {Reflect Int+4 SH+5}
 63925 | Vaults:5 | Identified the +4 tower shield of Integrity {rF+ rN+ SInv}
 64066 | Vaults:5 | Killed Margery
 64074 | Vaults:5 | Killed the ghostly Margery
 64363 | Vaults:5 | Killed an ancient lich
 64559 | Vaults:5 | Identified the +3 hand axe "Tormentor" {pain, rC- rN+
                  | Will+}
 64649 | Vaults:5 | Found Uhugon's Jewellery Shop.
 64696 | Vaults:5 | Identified the staff "Ohoplil" {rPois rF+++ rN+ Ice
                  | Alchemy}
 64737 | Vaults:5 | Identified the ring of Impatience {Fire rPois rN+ rCorr
                  | Slay-3}
 65260 | Vaults:5 | Received a gift from Nemelex Xobeh
 65263 | Vaults:5 | Got a silver rune of Zot
 65264 | Vaults:5 | Identified the staff of Conflict {^Drain rPois Dex-3 SInv
                  | Earth Alchemy}
 65465 | Vaults:5 | Got the Grimoire of Felsic Space
 65496 | Vaults:5 | Reached skill level 15 in Dodging
 65972 | Vaults:5 | Found Qanaj's General Store.
 65986 | Vaults:5 | Learned a level 2 spell: Passwall
 66737 | Zot:1    | Entered Level 1 of the Realm of Zot
 66814 | Zot:1    | Noticed an orb of fire
 66832 | Zot:1    | Noticed Vv
 66856 | Zot:1    | Killed Vv
 66879 | Zot:1    | Gained mutation: You occasionally lose the ability to read
                  | scrolls when taking damage. [an orb of fire]
 66887 | Zot:1    | Gained mutation: You occasionally shout uncontrollably at
                  | your foes. [an orb of fire]
 66892 | Zot:1    | Gained mutation: Your health recovers twice as slowly from
                  | being drained. [an orb of fire]
 66911 | Zot:1    | Gained mutation: You occasionally lose the ability to drink
                  | potions when taking damage. [an orb of fire]
 66912 | Zot:1    | Gained mutation: You sometimes lose the ability to drink
                  | potions when taking damage. [an orb of fire]
 66918 | Zot:1    | Killed an orb of fire
 67089 | Depths:4 | Lost mutation: You occasionally shout uncontrollably at
                  | your foes. [potion of mutation]
 67089 | Depths:4 | Lost mutation: Your health recovers twice as slowly from
                  | being drained. [potion of mutation]
 67089 | Depths:4 | Lost mutation: You occasionally lose the ability to read
                  | scrolls when taking damage. [potion of mutation]
 67089 | Depths:4 | Gained mutation: Your magical capacity is low. (-10% MP)
                  | [potion of mutation]
 67089 | Depths:4 | Gained mutation: Your muscles are strong. (Str +4, Int/Dex
                  | -1) [potion of mutation]
 67098 | Depths:4 | Lost mutation: Your muscles are strong. (Str +4, Int/Dex
                  | -1) [potion of mutation]
 67098 | Depths:4 | Lost mutation: You sometimes lose the ability to drink
                  | potions when taking damage. [potion of mutation]
 67098 | Depths:4 | Gained mutation: You do not regenerate when monsters are
                  | visible. [potion of mutation]
 67098 | Depths:4 | Lost mutation: You do not regenerate when monsters are
                  | visible. [potion of mutation]
 67098 | Depths:4 | Gained mutation: Your flesh is very heat resistant. (rF++)
                  | [potion of mutation]
 67098 | Depths:4 | Gained mutation: You are robust. (+10% HP) [potion of
                  | mutation]
 67612 | Vaults:5 | Noticed an ancient lich
 67647 | Vaults:5 | Killed an ancient lich
 67648 | Vaults:5 | Reached XP level 25. HP: 250/250 MP: 20/31
 68280 | Zot:1    | Identified the +7 orcbow "Kenoteusoqa" {antimagic, rElec}
 68311 | Zot:1    | Learned a level 2 spell: Lesser Beckoning
 68813 | Zot:1    | Found a transporter.
 68820 | Zot:1    | Noticed MrDizzy's ghost (veteran BaIE)
 68876 | Zot:1    | Found a transporter.
 68883 | Zot:1    | Received a gift from Nemelex Xobeh
 69647 | Zot:2    | Noticed a Killer Klown
 69673 | Zot:2    | Killed a Killer Klown
 70035 | Zot:2    | Received a gift from Nemelex Xobeh
 70809 | Zot:3    | Received a gift from Nemelex Xobeh
 72448 | Zot:4    | Received a gift from Nemelex Xobeh
 72621 | Zot:4    | Identified the +0 war axe "Impbane" {vamp, rElec Dex+5
                  | Stlth-}
 72683 | Zot:4    | Reached XP level 26. HP: 264/264 MP: 14/33
 72927 | Zot:5    | Entered Level 5 of the Realm of Zot
 73011 | Zot:5    | Gained mutation: You sometimes lose the ability to drink
                  | potions when taking damage. [mutagenic glow]
 73223 | Zot:5    | Found a transporter.
 73245 | Zot:5    | Found a transporter.
 73327 | Zot:5    | Found a transporter.
 73348 | Zot:5    | Found a transporter.
 73644 | Zot:5    | Received a gift from Nemelex Xobeh
 73992 | Zot:5    | Reached skill level 21 in Fighting
 74029 | Zot:5    | Noticed a dread lich
 74046 | Zot:5    | Killed a dread lich
 74215 | Zot:5    | Noticed an orb of fire
 74338 | Zot:5    | Gained mutation: You are clumsy. (Dex -2) [an orb of fire]
 74342 | Zot:5    | Gained mutation: You sometimes lose your temper in combat.
                  | [an orb of fire]
 74345 | Zot:5    | Gained mutation: You are very clumsy. (Dex -4) [an orb of
                  | fire]
 74354 | Zot:5    | Killed an orb of fire
 74371 | Zot:5    | Noticed an ancient lich
 74388 | Zot:5    | Killed an ancient lich
 74460 | Zot:5    | Lost mutation: You sometimes lose your temper in combat.
                  | [potion of mutation]
 74460 | Zot:5    | Lost mutation: You sometimes lose the ability to drink
                  | potions when taking damage. [potion of mutation]
 74460 | Zot:5    | Lost mutation: You are robust. (+10% HP) [potion of
                  | mutation]
 74461 | Zot:5    | Lost mutation: Your magical capacity is low. (-10% MP)
                  | [potion of mutation]
 74461 | Zot:5    | Lost mutation: You occasionally lose the ability to drink
                  | potions when taking damage. [potion of mutation]
 74461 | Zot:5    | Lost mutation: Your flesh is very heat resistant. (rF++)
                  | [potion of mutation]
 74461 | Zot:5    | Gained mutation: You sometimes lose your temper in combat.
                  | [potion of mutation]
 74461 | Zot:5    | Gained mutation: You are resistant to electric shocks.
                  | (rElec) [potion of mutation]
 74461 | Zot:5    | Gained mutation: You are somewhat resistant to further
                  | mutation. [potion of mutation]
 74462 | Zot:5    | Lost mutation: You are very clumsy. (Dex -4) [potion of
                  | mutation]
 74462 | Zot:5    | Lost mutation: You sometimes lose your temper in combat.
                  | [potion of mutation]
 74559 | Zot:5    | Noticed a dread lich
 74584 | Zot:5    | Killed a dread lich
 75103 | Zot:5    | Noticed an orb of fire
 75121 | Zot:5    | Killed an orb of fire
 75122 | Zot:5    | Reached skill level 22 in Fighting
 75127 | Zot:5    | Noticed an orb of fire
 75141 | Zot:5    | Gained mutation: Your health recovers twice as slowly from
                  | being drained. [an orb of fire]
 75143 | Zot:5    | Killed an orb of fire
 75545 | Zot:5    | Got the Orb of Zot
 75563 | Zot:5    | Noticed Tahut the pandemonium lord
 75809 | Depths:4 | Noticed Sujihirode the pandemonium lord
 76091 | D:15     | Noticed Imezod the pandemonium lord
 76201 | D:7      | Noticed Teqoem the pandemonium lord
 76311 | D:$      | Escaped with the Orb!

Illustrated notes

Levels and vault maps discovered:
D:1:      zelgadis_glass_arrival_small, layout_loops_ring
D:2:      layout_loops_ring, minmay_misc_feat_five, roderic_cross_of_infinity,
          uniq_crazy_yiuf_cottage
D:3:      layout_loops_cross, dreamdust_ecumenical_altar_statues,
          minmay_misc_feat_enclosed, uniq_ijyb
D:4:      layout_gridville, minmay_temple_entry_grid, small_statue_intersection,
          kennysheep_generic_room_16
D:5:      layout_basic, mainiacjoe_overflow_two_lobes, serial_corexii_hall,
          corexii_hall_statues_i, chequers_hall_statues_wall_a,
          corexii_hall_statues_i, corexii_hall_statues_l,
          corexii_hall_statues_s, chequers_hall_statues_corner_a,
          dk_rats_in_the_wall
D:6:      layout_loops_ring, serial_shops, shop, serial_bayou_pond_c,
          uniq_grinder
D:7:      layout_basic
D:8:      layout_cave_pods, uniq_maurice, uniq_amaemon
D:9:      layout_cave_pools, tso_metal_star
D:10:     layout_rooms, nicolae_overflow_hallway_of_the_gods,
          erik_lair_orcish_takeover, orc_0_dummy, uniq_lodul
D:11:     cheibrodos_steamvent, layout_basic,
          nicolae_dithmenos_through_a_glass_darkly, uniq_grum, uniq_fannar
D:12:     layout_small_grid, biasface_ghost_orc_armoury, minivault_21,
          onia_ninara_dug_in_and_dangerous, uniq_kirke
D:13:     layout_loops_ring, gauntlet_entry_generic, hangedman_weighted_door,
          minmay_shop_grid_forest, lemuel_flamethrower_2
D:14:     layout_cave_pods, hangedman_vaults_entry_quadrant_bands, serial_park,
          serial_park_square3 [serial_park_minivault_5x5_8],
          serial_park_tiny_pond, serial_park_gazebo
          [serial_park_minivault_5x5_7], minmay_protected_statue, uniq_rupert,
          uniq_agnes
D:15:     grunt_enter_depths_hoard, layout_loops_ring, serial_ice, serial_ice_n,
          serial_ice_l, serial_ice_g, serial_ice_f, nicolae_trove_entry_crystal,
          fountainhead
Temple:   nicolae_temple_ecumenical_triangle
Lair:1:   layout_cave_shapes, amcnicky_mini_pool_medium
Lair:2:   layout_cave_pods, minmay_snake_entry_guardpost_small
Lair:3:   layout_loops_ring, nicolae_swamp_entry_splash_gauntlet,
          beast_lair_carwin_8
Lair:4:   layout_hall_layers, minmay_slime_entry_pillars
Lair:5:   guppyfry_lair_end_dragon, layout_small_grid,
          hangedman_lair_caniforms_friends, gammafunk_ghost_ooze, uniq_urug
Swamp:1:  layout_falls_marsh, evilmike_swamp_ruin_house_5, swamp_pool_1_2,
          nicolae_swamp_decorative_isthmus, infiniplex_staircase_pool
Swamp:2:  layout_basic_swamp, ebering_ghost_rock_garden,
          evilmike_swamp_ruin_house_2, swamp_pool_1_2, uniq_mlioglotl
Swamp:3:  layout_falls_marsh, evilmike_swamp_ruin_rubble_1, uniq_donald
Swamp:4:  swamp, layout_basic_swamp
Snake:1:  layout_gridlike, gammafunk_ghost_berserking_beasts,
          nicolae_triple_integral, minmay_shop_star, uniq_aizul
Snake:2:  layout_basic, special_room, serial_shops, bzr_entry_dummy,
          st_stairs_7, abandoned_shop
Snake:3:  nicolae_snake_attic_fulla_snakes, layout_chambers,
          serial_bayou_shore_a
Snake:4:  snake_pit, layout_layer_cave, special_room, ebering_ghost_gozag,
          uniq_asterion, uniq_vashnia, uniq_bai_suzhen
Orc:1:    layout_caves, minmay_orc_keep
Orc:2:    grunt_orc_gardens, layout_caves, grunt_orc_garden, grunt_orc_garden,
          grunt_orc_garden, grunt_orc_garden, bloody_makhleb
Elf:1:    layout_geoelf_grid, hangedman_elven_crosses_minicolossus, uniq_norris,
          uniq_nikola
Elf:2:    nicolae_elf_blades_splatter_lattice [grunt_blade_entry_basic],
          layout_loops_cross, basic_altar
Elf:3:    minmay_elf_hall_spiked, layout_loops_corners, basic_altar
Vaults:1: gammafunk_ghost_cemetery, ontoclasm_vaults_spin, v_misc_8,
          nicolae_vaults_spaceships, ontoclasm_vaults_twist,
          nicolae_vaults_cochlea, nicolae_vaults_sesquioval_fish,
          nicolae_vaults_windows_and_doors_thing, hangedman_vaults_variations,
          v_pattern_2, nicolae_vaults_security_offices_5,
          vaults_room_semicircle, vaults_room_stairs_pillars,
          nicolae_vaults_double_plus_2, vaults_dpeg_encased_lava,
          layout_vaults_omnicross, serial_shops,
          nicolae_shop_pleasant_corner_grove
Vaults:2: mu_enter_wizlab_4, grunt_vaults_swirl, nicolae_vaults_specimen_jars,
          nicolae_vaults_diamond_1, nicolae_vaults_taking_the_gang_shopping,
          nicolae_vaults_asterisk, v_rooms_2, nicolae_vaults_meeting,
          nicolae_vaults_tetromino_Z_1, nicolae_vaults_network_s,
          nicolae_vaults_heart-shaped_vault, ontoclasm_vaults_chip,
          vaults_dpeg_hooks, vaults_room_pools, layout_vaults_omnibox,
          uniq_zenata
Vaults:3: gammafunk_ghost_mausoleum, blue_anna_dwarven_crypt,
          nicolae_vaults_offset_grid_hallway_1, nicolae_vaults_big_angled_halls,
          nicolae_vaults_wine_cellar, ontoclasm_vaults_ring_large,
          nicolae_vaults_shipping_containers_2,
          vaults_standard_mumra_enter_the_diamond,
          nicolae_vaults_big_angled_halls, nicolae_vaults_tangram_1,
          nicolae_vaults_asterisk, vaults_mumra_hex, layout_vaults_big_room
Vaults:4: nicolae_vaults_angled_halls, nicolae_vaults_frosty_reception,
          v_alt_pattern_4, v_misc_2, nicolae_vaults_rhombus_7,
          nicolae_vaults_heist, nicolae_vaults_double_plus_1,
          nicolae_vaults_antechamber_and_loot_room, layout_vaults_omnigrid,
          serial_shops, shop
Vaults:5: uniq_margery
Depths:1: layout_cave_shapes, minmay_crystal_room, hell_entry,
          ebering_ghost_rock_garden, lemuel_angel_altar, minmay_shop_grove
Depths:2: giant_chief_lemuel, layout_gridlike, grunt_mini_vestibule,
          fedhas_altar_fruit_tree, pan_entry, serial_shops, bzr_firewalk,
          nicolae_qazlal_scattered_showers, infiniplex_staircase_pool_1
Depths:3: minmay_slanted_spiral_squares, layout_basic, abyss_entry, hell_entry,
          chequers_serial_rivers_small_3
Depths:4: evilmike_zot_entry_hall, layout_basic, enter_ziggurat_e, serial_shops,
          nicolae_book_shop_shelving, corexii_hall_statues_x,
          hangedman_coc_ice_floe, chequers_serial_rivers_large_b,
          serial_bayou_shore_b, serial_bayou_shore_b
Zot:1:    grunt_twist_and_shout, layout_onion_interference,
          gammafunk_ghost_arena, uniq_vv
Zot:2:    layout_misc_corridors
Zot:3:    layout_misc_corridors, lemuel_elevator
Zot:4:    layout_onion_interference, st_stairs_4, uniq_grunn
Zot:5:    layout_basic, st_stairs_2, nicolae_diode_intersection

Skill      XL: |  1  2  3  4  5  6  7  8  9 10 11 12 13 14 15 16 17 18 19 20 21 22 23 24 25 26 |
---------------+-------------------------------------------------------------------------------+-----
Fighting       | 2 3 4 5 6 7 8 10 11 12 13 15 18 19 20 22 | 22.2
Stealth        | 1 2 4 6 8 9 11 12 | 12.0
Spellcasting   | 1 2 3 |  3.0
Hexes          | 2 3 5 6 8 10 | 10.0
Maces & Flails | 2 3 5 8 9 10 12 | 12.0
Invocations    | 2 5 8 10 16 17 20 | 20.0
Throwing       | 2 4 |  4.0
Evocations     | 4 5 8 10 | 10.0
Ice Magic      | 4 5 6 8 |  8.0
Shields        | 3 4 7 12 15 18 20 | 20.0
Summonings     | 1 5 10 12 | 12.0
Shapeshifting  | 3 8 10 11 16 | 16.0
Dodging        | 7 10 12 15 18 | 18.0
Translocations | 2 5 |  5.0

Action                     |  1- 3 |  4- 6 |  7- 9 | 10-12 | 13-15 | 16-18 | 19-21 | 22-24 | 25-27 || total
---------------------------+-------+-------+-------+-------+-------+-------+-------+-------+-------++-------
  Melee: Club              |    28 |       |       |       |       |       |       |       |       ||    28
         Hand axe          |   145 |    91 |       |       |       |       |       |       |       ||   236
         Tailslap          |    22 |    30 |    21 |   102 |   307 |   365 |   335 |   615 |   638 ||  2435
         Punch             |     3 |     2 |       |     7 |       |       |       |       |       ||    12
         Flail             |       |    80 |       |       |       |       |       |       |       ||    80
         Whip              |       |    46 |    10 |       |       |       |       |       |       ||    56
         Demon whip        |       |       |   135 |   534 |  1456 |  1556 |  1213 |  2053 |  2220 ||  9167
         Halberd           |       |       |     4 |       |       |       |       |       |       ||     4
         Maw               |       |       |       |       |   230 |   732 |   561 |   995 |       ||  2518
  Throw: Boomerang         |       |     3 |     1 |       |    10 |       |       |       |       ||    14
         Stone             |       |     1 |     2 |    12 |       |       |       |       |       ||    15
         Dart              |       |       |     7 |    11 |     2 |       |     1 |       |       ||    21
   Cast: Jinxbite          |       |     5 |     1 |    12 |    14 |       |       |       |       ||    32
         Ozocubu's Armour  |       |       |       |     1 |    27 |    28 |    24 |    17 |     1 ||    98
         Frozen Ramparts   |       |       |       |     1 |    17 |     5 |     9 |     4 |     1 ||    37
         Apportation       |       |       |       |       |     6 |       |       |       |       ||     6
         Summon Guardian G |       |       |       |       |     7 |    31 |    22 |     2 |     2 ||    64
         Call Canine Famil |       |       |       |       |       |    16 |       |       |       ||    16
         Summon Mana Viper |       |       |       |       |       |     9 |     9 |    14 |    30 ||    62
         Lesser Beckoning  |       |       |       |       |       |       |       |       |    13 ||    13
         Blink             |       |       |       |       |       |       |       |       |     3 ||     3
         Passwall          |       |       |       |       |       |       |       |       |     1 ||     1
 Invoke: Draw Destruction  |       |       |     4 |     8 |     2 |    14 |     5 |     1 |     4 ||    38
         Draw Summoning    |       |       |       |     6 |       |     4 |     5 |     5 |     3 ||    23
         Deal Four         |       |       |       |       |     2 |     3 |     6 |     5 |     4 ||    20
         Draw Escape       |       |       |       |       |     1 |       |       |     3 |       ||     4
         Stack Five        |       |       |       |       |       |       |       |     1 |     1 ||     2
         Draw Stack        |       |       |       |       |       |       |       |       |     4 ||     4
Ability: Breathe Fire      |       |       |    20 |    34 |    41 |    55 |    17 |     9 |       ||   176
  Evoke: Wand              |       |     4 |       |    16 |     6 |    10 |     2 |     4 |    12 ||    54
         Lightning rod     |       |       |       |     4 |     6 |     1 |     4 |     7 |       ||    22
         Phial of floods   |       |       |       |       |       |       |     1 |     1 |       ||     2
    Use: Scroll            |     3 |     1 |    15 |     6 |     8 |     7 |     8 |    17 |    16 ||    81
         Potion            |       |       |       |     2 |     2 |       |     6 |     7 |    12 ||    29
   Stab: Sleeping          |     3 |       |     5 |     6 |    13 |    23 |    18 |    23 |    10 ||   101
         Petrified         |       |       |       |     3 |       |       |       |    19 |     8 ||    30
         Petrifying        |       |       |       |     1 |       |       |       |     1 |       ||     2
         Betrayed ally     |       |       |       |       |     1 |       |       |       |       ||     1
         Confused          |       |       |       |       |     4 |       |       |       |       ||     4
         Distracted        |       |       |       |       |     2 |    16 |    42 |    61 |    12 ||   133
         Invisible         |       |       |       |       |       |     2 |     1 |     3 |       ||     6
         Paralysed         |       |       |       |       |       |       |       |     5 |    15 ||    20
 Armour: Skin              |    90 |   170 |   122 |   285 |   791 |   719 |   359 |   733 |  1246 ||  4515
  Dodge: Dodged            |   100 |   168 |   106 |   214 |   732 |   676 |   288 |   588 |  1271 ||  4143
  Block: Buckler           |       |       |       |    18 |   303 |   141 |       |       |       ||   462
         Kite shield       |       |       |       |       |       |   368 |   568 |   742 |       ||  1678
         Reflection        |       |       |       |       |       |    49 |    43 |    31 |       ||   123
         Tower shield      |       |       |       |       |       |       |    20 |   128 |  3460 ||  3608
   Form: Maw               |       |       |       |       |     1 |       |       |       |       ||     1
         Statue            |       |       |       |       |       |       |       |     1 |       ||     1

Table legend: (Time is in decaauts)
 A = Elapsed time spent in this place.
 B = Non-inter-level travel time spent in this place.
 C = Inter-level travel time spent in this place.
 D = Time resting spent in this place.
 E = Time spent auto-exploring this place.
 F = Levels seen in this place.
 G = Mean time per level.
                   A        B        C        D        E       F      G
               +--------+--------+--------+--------+--------+-----+--------+
         Total |  77707 |  68572 |   9135 |  19104 |  23508 |  52 | 1494.4 |
       Dungeon |  19731 |  16352 |   3379 |   3933 |   6049 |  15 | 1315.4 |
        Temple |     28 |     28 |      0 |      0 |      0 |   1 |   28.0 |
          Lair |   6847 |   5835 |   1012 |   1413 |   2836 |   5 | 1369.4 |
         Swamp |   2702 |   2480 |    222 |    399 |    973 |   4 |  675.5 |
     Snake Pit |   7300 |   6943 |    357 |   1476 |   2155 |   4 | 1825.0 |
  Orcish Mines |   2158 |   1793 |    365 |    195 |    720 |   2 | 1079.0 |
   Elven Halls |   5550 |   5238 |    312 |   1769 |   1796 |   3 | 1850.0 |
        Vaults |  13143 |  11417 |   1726 |   4666 |   3347 |   5 | 2628.6 |
        Depths |   8531 |   7088 |   1443 |   2271 |   2618 |   4 | 2132.8 |
           Zot |  10510 |  10194 |    316 |   2670 |   2793 |   5 | 2102.0 |
        Bazaar |    285 |    285 |      0 |      0 |    121 |   2 |  142.5 |
        Wizlab |    402 |    402 |      0 |    125 |     99 |   1 |  402.0 |
      Gauntlet |    513 |    513 |      0 |    185 |      0 |   1 |  513.0 |
               +--------+--------+--------+--------+--------+-----+--------+

Top non-repeatable levels by time:
   Zot:5: 3689 daAuts
Vaults:4: 3025 daAuts
Vaults:3: 2664 daAuts
    D:14: 2591 daAuts
 Snake:4: 2581 daAuts
   Elf:3: 2578 daAuts
Vaults:5: 2560 daAuts
Vaults:2: 2528 daAuts
Vaults:1: 2365 daAuts
Depths:3: 2300 daAuts
 Snake:3: 2285 daAuts
Depths:2: 2250 daAuts
    D:15: 2235 daAuts
  Lair:5: 2139 daAuts
   Zot:1: 2062 daAuts
